Map: Tropical Sacrifice

Players

A.I. 1 (Very Easy) - Winner!

  • Race: Zerg Zerg
  • Spawn Location: 1:00

WakaK

  • Race: Protoss Protoss
  • League: Diamond
  • Spawn Location: 7:00

VOD

Have the link to the VOD?

Description

Time

  • Played on: Oct. 22, 2022, 8:24 a.m.
  • Length: 8:22
Show
View Real Time Build Order
Export as new Build Order

A.I. 1 (Very Easy) Zerg - Winner!

Build Orders: Pool First 

Get SALT Encoding   

  12  0:01  Drone  
  13  0:13  Overlord  
  13  0:18  Drone  
  14  0:36  Spawning Pool  
  14  0:37  Extractor  
  14  0:40  Drone  
  13  0:47  Drone  
  14  0:52  Overlord  
  14  1:24  Zergling x2, Queen  
  17  1:33  Roach Warren  
  17  1:35  Extractor  
  17  1:38  Drone  
  16  1:45  Drone  
  17  1:50  Zergling x2  
  18  2:06  Drone  
  19  2:14  Drone  
  20  2:17  Zergling x2  
  20  2:21  Drone  
  22  2:32  Overlord  
  22  2:37  Drone  
  22  2:43  Roach  
  25  2:44  Drone  
  26  2:51  Drone  
  27  4:06  Zergling x2  
  27  7:10  Drone, Roach  
  27  7:11  Overlord, Lair  
  30  7:17  Drone  
  30  7:21  Hatchery  
  30  7:24  Drone  
  31  7:31  Drone  
  27  7:47  Roach  
  27  8:05  Drone  
Show
View Real Time Build Order
Export as new Build Order

WakaK Protoss 

Build Orders: Phoenix Opening, Zealot Archon 

Get SALT Encoding   

  12  0:00  Probe  
  13  0:12  Probe  
  14  0:18  Pylon  
  14  0:24  Probe (Chrono Boost)  
  15  0:36  Probe (Chrono Boost)  
  15  0:39  Gateway  
  16  0:45  Probe (Chrono Boost)  
  16  0:46  Assimilator  
  17  0:51  Probe  
  17  0:55  Assimilator  
  18  1:03  Probe  
  19  1:09  Gateway  
  19  1:15  Probe (Chrono Boost)  
  20  1:24  Probe (Chrono Boost)  
  21  1:26  Cybernetics Core  
  21  1:29  Probe (Chrono Boost)  
  22  1:36  Pylon  
  22  1:41  Probe  
  23  1:54  Probe  
  24  2:03  Stalker x2  
  24  2:04  Warp Gate  
  24  2:06  Probe  
  29  2:11  Pylon  
  29  2:18  Probe  
  30  2:31  Probe  
  30  2:36  Sentry x2  
  35  2:40  Pylon  
  35  2:54  Nexus  
  35  2:57  Probe  
  38  3:06  Sentry  
  38  3:07  Stalker  
  38  3:10  Probe  
  41  3:22  Probe  
  41  3:25  Robotics Facility  
  42  3:34  Probe  
  43  3:46  Probe  
  44  3:50  Phoenix  
  44  3:53  Stalker  
  46  3:58  Probe (Chrono Boost)  
  47  4:04  Pylon  
  47  4:06  Probe (Chrono Boost)  
  47  4:09  Stalker  
  51  4:11  Probe (Chrono Boost)  
  51  4:12  Observer  
  51  4:16  Probe (Chrono Boost)  
  53  4:17  Probe (Chrono Boost)  
  53  4:21  Probe (Chrono Boost)  
  53  4:22  Assimilator  
  53  4:23  Assimilator  
  55  4:24  Probe, Pylon  
  56  4:32  Probe  
  56  4:33  Immortal (Chrono Boost)  
  56  4:36  Probe  
  62  4:45  Probe  
  63  4:48  Probe  
  64  4:59  Robotics Bay  
  64  5:01  Probe  
  64  5:02  Immortal (Chrono Boost), Pylon x2  
  69  5:11  Stalker  
  69  5:12  Stalker  
  73  5:21  Pylon  
  73  5:24  Pylon  
  73  5:30  Warp Prism (Chrono Boost)  
  75  5:43  Twilight Council  
  75  5:55  Disruptor (Chrono Boost), Gateway  
  78  5:57  Gateway  
  78  6:00  Gateway x2  
  78  6:06  Gateway  
  78  6:09  Gateway  
  78  6:13  Pylon x2  
  78  6:22  Disruptor (Chrono Boost)  
  78  6:23  Templar Archives  
  81  6:38  Stalker  
  81  6:39  Stalker  
  85  7:01  Zealot x3  
  85  7:02  Zealot x5  
  101  7:13  Pylon  
  101  7:14  Pylon  
  101  7:22  High Templar  
  103  7:23  High Templar x2  
  103  7:24  Stalker x2, High Templar  
  103  7:25  Stalker  
  103  7:28  Archon x2  
  115  7:31  Stalker  
  117  7:57  Stalker x6  
  129  8:00  Adept  
  129  8:01  Adept  
Tags
 
Add a new tag
Caveats
  • Supply blocks, unpowered buildings, or Contaminate may cause inaccurate times.
  • Supply counts are checked every 10 seconds.